 Dungeon Crawl Stone Soup version 0.28-a0-1545-g945cd3f27e (webtiles) character file.

Game seed: 6798644460763290156

52 Nattfarinn the Chopper (level 3, 0/21 (31) HPs)
             Began as a Hill Orc Fighter on Jan 18, 2022.
             Slain by an orc (2 damage)
             ... on level 3 of the Dungeon.
             The game lasted 00:02:14 (1883 turns).

Nattfarinn the Chopper (Hill Orc Fighter)           Turns: 1883, Time: 00:02:14

HP:   0/21 (31)     AC:  8    Str: 20    XL:     3   Next: 85%
MP:   3/3           EV:  9    Int:  8    God:
Gold: 108           SH:  4    Dex: 10    Spells: 2/2 levels left

rFire   . . .      SeeInvis .   a - +0 war axe
rCold   . . .      Faith    .   c - +0 buckler
rNeg    . . .      Spirit   .   b - +0 scale mail
rPois   .          Reflect  .   (no helmet)
rElec   .          Harm     .   (no cloak)
rCorr   .          Rampage  .   g - +0 pair of gloves
Will    .....                   (no boots)
Stlth   ..........              (no amulet)
HPRegen 0.07/turn               (no ring)
MPRegen 0.08/turn               (no ring)

@: brilliant, very heavily drained
A: no striking features
a: no special abilities


You were on level 3 of the Dungeon.
You visited 1 branch of the dungeon, and saw 3 of its levels.

You collected 108 gold pieces.

Inventory:

Hand Weapons
 a - a +0 war axe (weapon)
Armour
 b - a +0 scale mail (worn)
 c - a +0 buckler (worn)
 g - a +0 pair of gloves (worn)
Jewellery
 e - a ring of ice
 h - a ring of wizardry
 i - an amulet of faith
 k - a ring of magical power
 l - a ring of positive energy
Scrolls
 n - a scroll of identify {unknown}
 p - a scroll of blinking {unknown}
Potions
 d - a potion of might
 j - a potion of resistance {unknown}
 m - a potion of attraction {unknown}
 o - a potion of magic {unknown}


   Skills:
 - Level 3.6 Fighting
 + Level 5.4 Axes
 - Level 3.2 Armour
 - Level 3.2 Shields


You had 2 spell levels left.
You didn't know any spells.
Your spell library contained the following spells:

 Spells                   Type           Power      Damage    Failure   Level
 Ensorcelled Hibernation  Hex/Ice        0%         N/A       94%         2
 Static Discharge         Conj/Air       0%         N/A       94%         2
 Spider Form              Tmut/Pois      0%         N/A       99%         3
 Anguish                  Hex/Necr       0%         N/A       100%        4
 Dispel Undead            Necr           0%         3d6       100%        4
 Sticky Flame             Conj/Fire      0%         2d3       100%        4


Dungeon Overview and Level Annotations

Branches:
Dungeon (3/15)

Altars:

Shops:
D:3 *


Message History

You barely miss the orc.
The orc is heavily wounded.
You block the orc's attack. The orc closely misses you.
You block the orc's attack.
You hit the orc.
You kill the orc!
The orc hits you from afar with a +0 trident.
You barely miss the ball python. The ball python barely misses you.
The ball python grabs you. The ball python constricts you.
The orc hits you from afar with a +0 trident.
You hit the ball python.
The ball python is moderately wounded.
The ball python bites you but does no damage.
The ball python constricts you. The orc hits you but does no damage.
You block the ball python's attack. The ball python constricts you.
The orc hits you from afar with a +0 trident.
You closely miss the ball python.
The ball python is moderately wounded.
The ball python barely misses you. The ball python constricts you.
The orc hits you but does no damage.
You closely miss the ball python.
The ball python is moderately wounded.
The ball python bites you but does no damage.
The ball python constricts you.
The orc hits you from afar with a +0 trident!
* * * LOW HITPOINT WARNING * * *
The ball python bites you but does no damage.
The ball python constricts you.
You escape the ball python's grasp.
You slash the ball python!
You kill the ball python!
The orc hits you from afar with a +0 trident.
* * * LOW HITPOINT WARNING * * *
It was a potion of brilliance.
You feel clever all of a sudden. The orc closely misses you.
The orc hits you but does no damage.
You barely miss the orc. The orc barely misses you.
You closely miss the orc. The orc hits you with a +0 trident.
You die...

......#### ..
#.......# #+#..
#.......#
#.≈...
#.......# #
≈≈#.
###.......#
.∩..'.#
#.........#
≈.###..
#...###'###
≈.##..)###...#
#.#
#....o@....#
#.##
.......#####.#
#..# .......
##.####.#######
.......
...............
.......
##.####..######
#......
#.............
#######
#.............
#[............
#######
#.............


You could see an orc.

Vanquished Creatures
  An adder (D:3)
  4 orcs
  2 endoplasms
  4 goblins
  3 hobgoblins
  5 kobolds
  2 quokkas
  3 ball pythons
  5 bats
  4 frilled lizards
  4 rats
37 creatures vanquished.

Notes
Turn   | Place    | Note
-------+----------+-------------------------------------------
     0 | D:1      | Nattfarinn the Hill Orc Fighter began the quest for the
                  | Orb.
     0 | D:1      | Reached XP level 1. HP: 19/19 MP: 1/1
    33 | D:1      | Reached skill level 3 in Axes
   246 | D:1      | Reached XP level 2. HP: 26/26 MP: 2/2
   262 | D:1      | Found a faded altar of an unknown god.
   406 | D:1      | Reached skill level 4 in Axes
   922 | D:2      | Reached XP level 3. HP: 31/31 MP: 3/3
  1608 | D:3      | Reached skill level 5 in Axes
  1866 | D:3      | Found Xedghavi's Assorted Antiques.
  1878 | D:3      | HP: 1/21 [orc (3)]
  1883 | D:3      | Slain by an orc

Illustrated notes

Levels and vault maps discovered:
D:1:      minmay_arrival_shoal_huts, layout_basic, basic_ecumenical_altar
D:2:      layout_rooms
D:3:      layout_basic, mainiacjoe_overflow_brackets, serial_shops,
          nicolae_shop_hallway_plus, uniq_ijyb

Skill      XL: |  1  2  3 |
---------------+----------+-----
Axes           | 3 4 5 |  5.4
Fighting       | |  3.6
Armour         | |  3.2
Shields        | |  3.2

Action                   || total
-------------------------++-------
Melee: War axe           ||   103
  Use: Potion            ||     2
       Scroll            ||     1
Armor: Scale mail        ||    56
Dodge: Dodged            ||    53
Block: Buckler           ||    28

Table legend: (Time is in decaauts)
 A = Elapsed time spent in this place.
 B = Non-inter-level travel time spent in this place.
 C = Inter-level travel time spent in this place.
 D = Time resting spent in this place.
 E = Time spent auto-exploring this place.
 F = Levels seen in this place.
 G = Mean time per level.
                   A        B        C        D        E       F      G
               +--------+--------+--------+--------+--------+-----+--------+
         Total |   1924 |   1869 |     55 |    207 |   1368 |   3 |  641.3 |
       Dungeon |   1924 |   1869 |     55 |    207 |   1368 |   3 |  641.3 |
               +--------+--------+--------+--------+--------+-----+--------+

Top non-repeatable levels by time:
     D:1: 835 daAuts
     D:2: 756 daAuts
     D:3: 332 daAuts
